 Dungeon Crawl Stone Soup version 0.30-a0-715-gdb4ae3ece1 (webtiles) character file.

Game seed: 7763367284497965985

317 purpskrrrp the Ducker (level 6, -1/30 HPs)
             Began as a Felid Monk on Jan 23, 2023.
             Was an Initiate of Dithmenos.
             Slain by a gnoll sergeant
             ... wielding a +0 trident
              (8 damage)
             ... on level 6 of the Dungeon.
             The game lasted 00:11:31 (5849 turns).

purpskrrrp the Ducker (Felid Monk)                  Turns: 5849, Time: 00:11:32

Health: -1/30      AC:  2    Str:  7    XL:     6   Next: 20%
Magic:  7/7        EV: 23    Int: 11    God:    Dithmenos [......]
Gold:   343        SH:  0    Dex: 21    Spells: 5/5 levels left
                                        Lives:  0   Deaths: 2

rFire   + . .      SeeInvis +      - Unarmed
rCold   . . .      Faith    .    (shield unavailable)
rNeg    . . .      Spirit   .    (body armour unavailable)
rPois   .          Reflect  .    (helmet unavailable)
rElec   .          Harm     .    (cloak unavailable)
rCorr   .          Rampage  .    (gloves unavailable)
Will    .....                    (boots unavailable)
Stlth   ++++                     (no amulet)
HPRegen 0.25/turn                (no ring)
MPRegen 0.10/turn                (no ring)

@: studying Earth Magic, quick
A: very small, claws 1, fangs 3, see invisible, speed 1, shaggy fur 2, stealthy
paws, no weapons or thrown items, no armour, multi-lived, fire resistance 1
a: Renounce Religion


You were on level 6 of the Dungeon.
You worshipped Dithmenos.
Dithmenos was noncommittal.
You visited 1 branch of the dungeon, and saw 6 of its levels.

You collected 343 gold pieces.

Inventory:

Wands
 a - a wand of roots (5)
 d - a wand of acid (2)
Scrolls
 c - 3 scrolls of blinking
 e - 3 scrolls of vulnerability
 i - a scroll of poison
 k - a scroll of amnesia
 l - 2 scrolls of teleportation
Potions
 b - 3 potions of attraction
 g - 2 potions of heal wounds {unknown}
 j - 2 potions of lignification {unknown}
 m - a potion of curing {unknown}
 o - 2 potions of haste {unknown}


   Skills:
 + Level 5.6 Fighting
 + Level 7.5 Dodging
 + Level 7.3 Stealth
 + Level 5.6 Unarmed Combat


You had 5 spell levels left.
You didn't know any spells.
Your spell library contained the following spells:

 Spells                   Type           Power      Damage    Failure   Level
 Freeze                   Ice            0%         1d3       34%         1
 Cigotuvi's Dreadful Rot  Necr/Pois/Air  0%         N/A       47%         2
 Frozen Ramparts          Ice            0%         1d1       71%         3
 Hailstorm                Conj/Ice       0%         3d3       71%         3
 Inner Flame              Hex/Fire       0%         N/A       71%         3
 Tukima's Dance           Hex            0%         N/A       71%         3
 Cause Fear               Hex            0%         N/A       98%         4
 Dispel Undead            Necr           0%         3d6       98%         4
 Passage of Golubria      Tloc           0%         N/A       98%         4
 Yara's Violent Unravell  Hex/Tmut       0%         3d3       100%        5
 Death Channel            Necr           0%         N/A       100%        6
 Discord                  Hex            0%         N/A       100%        8


Dungeon Overview and Level Annotations

Branches:
Dungeon (6/15)             Temple (0/1) D:6

Altars:
Dithmenos
Elyvilon
Gozag

Annotations:
D:3 Robin


Innate Abilities, Weirdness & Mutations

You have sharp claws.
You have razor-sharp teeth.
You have supernaturally acute eyesight. (SInv)
You cover ground quickly. (Speed+)
You are covered in thick fur. (AC +2)
Your paws help you pounce on unaware monsters.
You are incapable of wielding weapons or throwing items.
You cannot wear armour.
You gain extra lives every three experience levels.
Your flesh is heat resistant. (rF+)


Message History

The gnoll sergeant completely misses you.
The gnoll barely misses you.
Items here: $ )) †.
You scratch the gnoll sergeant but do no damage.
The gnoll closely misses you. The gnoll completely misses you.
The gnoll sergeant hits you with a +0 trident!
Ouch! That really hurt!
* * * LOW HITPOINT WARNING * * *
You are too injured to fight recklessly!
You are too injured to fight recklessly!
You are too injured to fight recklessly!
You are too injured to fight recklessly!
You are too injured to fight recklessly!
You are too injured to fight recklessly!
You are too injured to fight recklessly!
You are too injured to fight recklessly!
You are too injured to fight recklessly!
You are too injured to fight recklessly!
You are too injured to fight recklessly!
You are too injured to fight recklessly!
You are too injured to fight recklessly!
You are too injured to fight recklessly!
You are too injured to fight recklessly!
You are too injured to fight recklessly!
You are too injured to fight recklessly!
You are too injured to fight recklessly!
You are too injured to fight recklessly!
You are too injured to fight recklessly!
You are too injured to fight recklessly!
You are too injured to fight recklessly!
You are too injured to fight recklessly!
You are too injured to fight recklessly!
You are too injured to fight recklessly!
You scratch the gnoll sergeant but do no damage.
You bite the gnoll sergeant, but do no damage.
The gnoll completely misses you.
The gnoll sergeant completely misses you.
You barely miss the gnoll sergeant. The gnoll completely misses you.
The gnoll sergeant hits you with a +0 trident!
You die...

##.# #...#...# # #<
#...####..##...# .## ##
.........##.....# ..# #
##...###.##..#.#..##.#
##. #....##.##....# #
#. ##...##..)##...# #
#..##.......>.)o...#
###
#.....g.##...##.g.###.'
#.###g@.g##.##...g).#g#
.. #.##..#.#..##.#g..#
## #.. #.....##..###.#
##) #...##..## #.+ .
#...#..# #.# .......#
#.# .?..... #.# ### ..'
#.#


You could see a gnoll sergeant and 2 gnolls.

Vanquished Creatures
  A water moccasin (D:5)
  A black bear (D:4)
  An ogre (D:6)
  A bullfrog (D:6)
  A scorpion (D:4)
  2 orc priests
  2 hounds (D:5)
  Jessica (D:3)
  Natasha (twice) (D:4)
  3 iguanas
  4 orc wizards
  Terence (D:3)
  15 adders
  7 gnolls
  2 worms
  2 dart slugs (D:3)
  13 orcs
  3 ball pythons
  5 bats
  7 endoplasms
  10 giant cockroaches
  16 goblins
  13 hobgoblins
  3 jackals (D:2)
  3 quokkas
  2 frilled lizards (D:1)
  6 kobolds
  3 rats
130 creatures vanquished.

Notes
Turn   | Place    | Note
-------+----------+-------------------------------------------
     0 | D:1      | purpskrrrp the Felid Monk began the quest for the Orb.
     0 | D:1      | Reached XP level 1. HP: 10/10 MP: 2/2
    69 | D:1      | Found a faded altar of an unknown god.
   173 | D:1      | Reached XP level 2. HP: 14/14 MP: 3/3
   539 | D:1      | Prayed at the altar of an unknown god.
   539 | D:1      | Became a worshipper of Elyvilon the Healer
   539 | D:1      | Reached * piety under Elyvilon
   539 | D:1      | Reached ** piety under Elyvilon
   610 | D:2      | Reached *** piety under Elyvilon
   648 | D:2      | Reached XP level 3. HP: 11/17 MP: 4/4
  1111 | D:2      | Gained mutation: You have a pair of small antennae on your
                  | head. [potion of mutation]
  1111 | D:2      | Gained mutation: You are somewhat resistant to further
                  | mutation. [potion of mutation]
  1111 | D:2      | Gained mutation: You are robust. (+10% HP) [potion of
                  | mutation]
  1231 | D:2      | Reached XP level 4. HP: 23/23 MP: 5/5
  1849 | D:3      | Noticed Robin
  1860 | D:3      | Noticed Jessica
  1865 | D:3      | Killed Jessica
  1866 | D:3      | Reached skill level 5 in Dodging
  1990 | D:3      | Reached XP level 5. HP: 19/27 MP: 6/6
  2161 | D:3      | Reached **** piety under Elyvilon
  2250 | D:3      | Noticed Terence
  2253 | D:3      | Killed Terence
  2537 | D:3      | Reached skill level 5 in Stealth
  2821 | D:3      | Gained mutation: You are covered in thick fur. (AC +2)
                  | [Felid growth]
  2821 | D:3      | Reached XP level 6. HP: 20/30 MP: 7/7
  3121 | D:4      | Noticed Natasha
  3124 | D:4      | Killed Natasha
  3208 | D:4      | Noticed Natasha
  3358 | D:4      | Killed Natasha
  3541 | D:4      | Reached ***** piety under Elyvilon
  3714 | D:4      | Reached XP level 7. HP: 36/36 MP: 8/8
  4012 | D:5      | Entered Level 5 of the Dungeon
  4197 | D:5      | Found a shadowy altar of Dithmenos.
  4359 | D:5      | Fell from the grace of Elyvilon
  4359 | D:5      | Became a worshipper of Dithmenos the Shadowed
  4369 | D:5      | Reached skill level 5 in Fighting
  4369 | D:5      | Reached skill level 5 in Unarmed Combat
  5217 | D:6      | Found an opulent altar of Gozag.
  5506 | D:6      | Reached XP level 8. HP: 26/40 MP: 9/9
  5585 | D:6      | Found a staircase to the Ecumenical Temple.
  5753 | D:6      | Killed from afar by an orc priest
  5754 | D:6      | Reached XP level 7. HP: -2/36 MP: 8/8
  5789 | D:6      | Killed from afar by an orc priest
  5790 | D:6      | Reached XP level 6. HP: -5/33 MP: 7/7
  5790 | D:6      | Lost mutation: You are robust. (+10% HP) [potion of
                  | mutation]
  5790 | D:6      | Lost mutation: You have a pair of small antennae on your
                  | head. [potion of mutation]
  5790 | D:6      | Lost mutation: You are somewhat resistant to further
                  | mutation. [potion of mutation]
  5790 | D:6      | Gained mutation: You are strong-willed. (Will+) [potion of
                  | mutation]
  5790 | D:6      | Gained mutation: You are robust. (+10% HP) [potion of
                  | mutation]
  5790 | D:6      | Gained mutation: Your spells are a little harder to cast,
                  | but a little more powerful. [potion of mutation]
  5791 | D:6      | Lost mutation: You are robust. (+10% HP) [potion of
                  | mutation]
  5791 | D:6      | Lost mutation: Your spells are a little harder to cast, but
                  | a little more powerful. [potion of mutation]
  5791 | D:6      | Lost mutation: You are strong-willed. (Will+) [potion of
                  | mutation]
  5791 | D:6      | Gained mutation: Your flesh is heat resistant. (rF+)
                  | [potion of mutation]
  5849 | D:6      | Slain by a gnoll sergeant

Illustrated notes

Levels and vault maps discovered:
D:1:      dpeg_arrival_stonehenge_8_columns, layout_basic,
          shapermc_ecumenical_altar_starsandcircs, minmay_tetromino_l4
D:2:      layout_basic
D:3:      layout_loops_ring, minmay_quantized, uniq_robin, uniq_jessica,
          uniq_terence
D:4:      layout_loops_corners, grunt_decor_clamped, minmay_quadrilaterals,
          uniq_natasha
D:5:      layout_loops_ring, grunt_dithmenos_smoke, minmay_starry_boxes
D:6:      layout_loops_ring, mainiacjoe_overflow_24_doors,
          minmay_temple_entry_waves, minmay_fractal_squares_diagonal_5

Skill      XL: |  1  2  3  4  5  6  7 |
---------------+----------------------+-----
Stealth        | 3 4 5 7 |  7.3
Dodging        | 5 6 7 |  7.5
Fighting       | 4 5 |  5.6
Unarmed Combat | 4 5 |  5.6

Action                     |  1- 3 |  4- 6 |  7- 9 || total
---------------------------+-------+-------+-------++-------
  Melee: Unarmed           |    98 |   197 |   175 ||   470
         Bite              |    15 |    24 |    21 ||    60
         Punch             |     3 |     8 |     6 ||    17
    Use: Potion            |     2 |     2 |       ||     4
         Scroll            |     1 |     9 |     4 ||    14
   Stab: Sleeping          |     5 |    12 |     9 ||    26
         Distracted        |       |     2 |     1 ||     3
 Armour: Skin              |     7 |     8 |     8 ||    23
  Dodge: Dodged            |    97 |   183 |   157 ||   437

Table legend: (Time is in decaauts)
 A = Elapsed time spent in this place.
 B = Non-inter-level travel time spent in this place.
 C = Inter-level travel time spent in this place.
 D = Time resting spent in this place.
 E = Time spent auto-exploring this place.
 F = Levels seen in this place.
 G = Mean time per level.
                   A        B        C        D        E       F      G
               +--------+--------+--------+--------+--------+-----+--------+
         Total |   5043 |   4894 |    149 |    704 |   3090 |   6 |  840.5 |
       Dungeon |   5043 |   4894 |    149 |    704 |   3090 |   6 |  840.5 |
               +--------+--------+--------+--------+--------+-----+--------+

Top non-repeatable levels by time:
     D:3: 1026 daAuts
     D:2: 1026 daAuts
     D:4: 902 daAuts
     D:5: 852 daAuts
     D:6: 781 daAuts
     D:1: 453 daAuts
